 Dungeon Crawl Stone Soup version 0.26-a0-658-gbdda728c12 (webtiles) character file.

Game seed: 2817728390531771611

484 lexicalpedant the Chopper (level 7, -2/60 HPs)
             Began as a Hill Orc Fighter on Oct 5, 2020.
             Was a Follower of Beogh.
             Slain by Pikel
             ... wielding a +1 whip of flaming
              (6 damage)
             ... on level 4 of the Dungeon.
             The game lasted 00:18:44 (3722 turns).

lexicalpedant the Chopper (Hill Orc Fighter)        Turns: 3722, Time: 00:18:45

Health: -2/60      AC:  7    Str: 21    XL:     7   Next: 12%
Magic:  7/7        EV:  8    Int:  8    God:    Beogh [*.....]
Gold:   187        SH: 14    Dex: 10    Spells: 6/6 levels left

rFire    . . .     SeeInvis .   v - +6 hand axe
rCold    . . .     Faith    .   c - +0 kite shield
rNeg     + . .     Spirit   .   b - +0 scale mail
rPois    .         Reflect  +   (no helmet)
rElec    .         Harm     .   (no cloak)
rCorr    .         Rampage  .   (no gloves)
MR       .....                  (no boots)
Stlth    ..........             j - amulet of reflection
HPRegen  0.20/turn              f - ring of positive energy
MPRegen  0.10/turn              (no ring)

@: no status effects
A: no striking features
a: Renounce Religion


You were on level 4 of the Dungeon.
You worshipped Beogh.
Beogh was aware of your devotion.
You visited 1 branch of the dungeon, and saw 4 of its levels.

You collected 187 gold pieces.

Inventory:

Hand Weapons
 a - a +0 war axe
 l - a +1 vampiric dagger
 q - a +2 dagger of venom
 v - a +6 hand axe (weapon)
Missiles
 e - 49 sling bullets
 g - 4 silver javelins (quivered)
 i - 9 poisoned darts
 k - 33 bolts
 m - 24 arrows
Armour
 b - a +0 scale mail (worn)
 c - a +0 kite shield (worn)
 d - a +0 chain mail
 h - a +0 ring mail
 o - a +0 buckler
 r - a +0 animal skin
 s - a +0 helmet
 w - a +0 kite shield
 x - a scarf of harm
Jewellery
 f - a ring of positive energy (left hand)
 j - an amulet of reflection (around neck)
 n - an uncursed amulet of the acrobat
Scrolls
 p - a scroll of identify
 t - a scroll of amnesia
Potions
 u - a potion of brilliance


   Skills:
 * Level 4.7 Fighting
 * Level 7.2 Axes
 - Level 0.2 Throwing
 + Level 4.1 Armour
 + Level 1.2 Dodging
 - Level 4.7 Shields


You had 6 spell levels left.
You didn't know any spells.
Your spell library was empty.

Dungeon Overview and Level Annotations

Branches:
Dungeon (4/15)
 Temple: D:4-7

Altars:
Cheibriados
Kikubaaqudgha
Vehumet
Zin

Annotations:
D:4 Pikel


Message History

You block Pikel's attack.
You hit Pikel but do no damage.
Pikel is moderately wounded.
You hit the lemure. You block the lemure's attack. You block Pikel's attack.
You hit Pikel.
Pikel is moderately wounded.
You hit the lemure. The lemure barely misses you. You block Pikel's attack.
You hit Pikel but do no damage.
Pikel is moderately wounded.
Your shield prevents you from hitting the lemure.
You block the lemure's attack.
Pikel hits you with a +1 whip of flaming.
* * * LOW HITPOINT WARNING * * *
Pikel burns you.
* * * LOW HITPOINT WARNING * * *
You hit Pikel.
Pikel is moderately wounded.
You hit the lemure. You block the lemure's attack.
Pikel hits you with a +1 whip of flaming.
You die...

#............>.....
#................. .
#######...............##..
..........................
###....##.........†...#..
##..#..##.#...##.........
##..##.###.##..........#..
#........K5##.##..#.##....
#........@....###.....#...
#...........### #.5.#.# .
#...........# ##..#.#
#....†......# #..# #
#..........## #..#
.......#...## #...
............# .K..#
.#..#######... .5>.. ...#
...# ......


You could see Pikel and a lemure.

Vanquished Creatures
  Sigmund (D:2)
  3 lemures (D:4)
  A scorpion (D:4)
  A bullfrog skeleton (D:4)
  An iguana (D:4)
  Jessica (D:3)
  An orc wizard (D:3)
  Robin (D:2)
  4 adders
  2 oozes
  5 worms
  3 dart slugs
  4 leopard geckos
  7 orcs (D:3)
  A giant cockroach (D:3)
  14 goblins
  7 hobgoblins
  6 jackals
  7 kobolds
  3 quokkas
  11 bats
  8 frilled lizards
  10 rats
  A butterfly (D:4)
103 creatures vanquished.

Vanquished Creatures (others)
  4 orcs (D:3)
  A giant cockroach (D:3)
  2 hobgoblins (D:3)
  A kobold (D:3)
  2 bats (D:3)
  A frilled lizard (D:3)
  9 plants (D:3)
20 creatures vanquished.

Grand Total: 123 creatures vanquished

Notes
Turn   | Place    | Note
-------+----------+-------------------------------------------
     0 | D:1      | lexicalpedant the Hill Orc Fighter began the quest for the
                  | Orb.
     0 | D:1      | Reached XP level 1. HP: 19/19 MP: 1/1
   162 | D:1      | Reached skill level 3 in Axes
   162 | D:1      | Reached XP level 2. HP: 25/27 MP: 2/2
   286 | D:1      | Reached XP level 3. HP: 16/33 MP: 3/3
  1077 | D:2      | Noticed Robin
  1092 | D:2      | Killed Robin
  1092 | D:2      | Reached skill level 4 in Axes
  1092 | D:2      | Reached XP level 4. HP: 36/40 MP: 4/4
  1573 | D:2      | Noticed Sigmund
  1583 | D:2      | Killed Sigmund
  1583 | D:2      | Reached skill level 5 in Axes
  1583 | D:2      | Reached skill level 1 in Dodging
  1583 | D:2      | Reached XP level 5. HP: 26/47 MP: 5/5
  1583 | D:2      | Reached XP level 6. HP: 29/53 MP: 6/6
  2011 | D:3      | Found a faded altar of an unknown god.
  2013 | D:3      | Became a worshipper of Beogh the Brigand
  2213 | D:3      | Found a glowing silver altar of Zin.
  2213 | D:3      | Noticed an angel
  2405 | D:3      | Found an ancient bone altar of Kikubaaqudgha.
  2439 | D:3      | Noticed Jessica
  2472 | D:3      | Killed Jessica
  2472 | D:3      | Reached skill level 6 in Axes
  2645 | D:3      | Found a radiant altar of Vehumet.
  2945 | D:3      | Reached * piety under Beogh
  3569 | D:4      | Found a snail-covered altar of Cheibriados.
  3678 | D:4      | Reached XP level 7. HP: 30/60 MP: 7/7
  3683 | D:4      | Reached skill level 7 in Axes
  3688 | D:4      | Noticed Pikel
  3722 | D:4      | Slain by Pikel

Illustrated notes

Levels and vault maps discovered:
D:1:      lemuel_arrival_river_bridge, layout_basic, serial_forest,
          infiniplex_forest_zigzag_2, infiniplex_forest_lined_ring,
          infiniplex_forest_clump_double, infiniplex_forest_end_1,
          infiniplex_forest_clump_long, minmay_bisected
D:2:      minmay_door_path, layout_basic, uniq_robin, uniq_sigmund
D:3:      layout_basic, lemuel_coloured_pillars_altar, zin_angel,
          lemuel_doored_altar, serial_forest, infiniplex_forest_zigzag_1,
          infiniplex_forest_lined_corner, infiniplex_forest_lined_2,
          infiniplex_forest_lined_2, infiniplex_forest_zigzag_1,
          infiniplex_forest_clump_long, infiniplex_forest_straight_2,
          portal_sewer_entry_b, chequers_ecumenical_altar_simple_redux,
          uniq_jessica
D:4:      layout_rooms, xom_butterflies, cheibriados_altar_1,
          roderic_serpentine_path, uniq_pikel

Skill      XL: |  1  2  3  4  5  6  7 |
---------------+----------------------+-----
Axes           | 3 4 5 6 7 |  7.2
Fighting       | 4 |  4.7
Shields        | 4 |  4.7
Dodging        | 1 |  1.2
Armour         | 4 |  4.1
Throwing       | |  0.2

Action                   |  1- 3 |  4- 6 |  7- 9 || total
-------------------------+-------+-------+-------++-------
Melee: War axe           |   107 |    80 |       ||   187
       Hand axe          |       |   115 |    25 ||   140
Throw: Javelin           |       |     3 |       ||     3
Invok: Convert to Beogh  |       |     1 |       ||     1
  Use: Scroll            |     4 |     9 |       ||    13
       Potion            |       |     6 |       ||     6
Armor: Scale mail        |    58 |    53 |     1 ||   112
Dodge: Dodged            |    40 |    61 |     3 ||   104
Block: Kite shield       |    58 |   134 |    26 ||   218

Table legend: (Time is in decaauts)
 A = Elapsed time spent in this place.
 B = Non-inter-level travel time spent in this place.
 C = Inter-level travel time spent in this place.
 D = Time resting spent in this place.
 E = Time spent auto-exploring this place.
 F = Levels seen in this place.
 G = Mean time per level.
                   A        B        C        D        E       F      G
               +--------+--------+--------+--------+--------+-----+--------+
         Total |   3807 |   3796 |     11 |    303 |   1899 |   4 |  951.8 |
       Dungeon |   3807 |   3796 |     11 |    303 |   1899 |   4 |  951.8 |
               +--------+--------+--------+--------+--------+-----+--------+

Top non-repeatable levels by time:
     D:3: 1567 daAuts
     D:2: 1087 daAuts
     D:1: 995 daAuts
     D:4: 157 daAuts
